 Dungeon Crawl Stone Soup version 0.31-a0-881-ge136f0c47a (webtiles) character file.

Game seed: 15934217363273708197

13 Error4North the Changeling (level 2, -1/23 HPs)
             Began as a Demigod Shapeshifter on Oct 16, 2023.
             Slain by a hobgoblin (4 damage)
             ... on level 1 of the Dungeon.
             The game lasted 00:05:30 (346 turns).

Error4North the Changeling (Demigod Shapeshifter)    Turns: 346, Time: 00:05:31

Health: -1/23      AC:  2    Str: 15    XL:     2   Next: 12%
Magic:  4/4        EV: 12    Int: 12    God:
Gold:   41         SH:  0    Dex: 13    Spells: 1/1 levels left

rFire   . .          .
                       - Unarmed
rCold   . . .        (no shield)
rNeg    . . .        a - +0 animal skin
rPois   .            (no helmet)
rElec   .            (no cloak)
rCorr   +            (no gloves)
SInv    .            (no boots)
Will    .....        (no amulet)
Stlth   +            i - ring of resist corrosion
HPRegen 0.23/turn    (no ring)
MPRegen 0.09/turn

%: no passive effects
@: no status effects
A: high MP 1, forlorn, divine attributes
a: no special abilities


You were on level 1 of the Dungeon.
You visited 1 branch of the dungeon, and saw 1 of its levels.

You collected 41 gold pieces.

Inventory:

Missiles
 f - 4 javelins (quivered)
Armour
 a - a +0 animal skin (worn)
Jewellery
 i - a ring of resist corrosion (left hand)
Talismans
 c - a beast talisman
 d - a flux talisman
Scrolls
 h - a scroll of identify {unknown}
Potions
 b - a potion of lignification
 e - a potion of attraction {unknown}
 g - 2 potions of invisibility {unknown}
 j - a potion of curing {unknown}


   Skills:
 * Level 1.0 Fighting
 * Level 1.8 Dodging
 + Level 2.8 Unarmed Combat
 + Level 3.1 Shapeshifting


You had one spell level left.
You didn't know any spells.
Your spell library was empty.

Dungeon Overview and Level Annotations

Branches:
Dungeon (1/15)


Innate Abilities, Weirdness & Mutations

You have an increased reservoir of magic. (+10% MP)
You shall have no god before yourself.
Your divine heritage dramatically boosts your attributes as you level up.


Message History

The rat closely misses you.
You barely miss the rat. The rat barely misses you.
You hit the rat.
You kill the rat!
You see here 7 gold pieces.
You hit the hobgoblin.
The hobgoblin is lightly wounded.
The hobgoblin hits you.
You completely miss the hobgoblin.
The hobgoblin is lightly wounded.
The hobgoblin hits you.
You hit the hobgoblin.
The hobgoblin is severely wounded.
The hobgoblin closely misses you.
You barely miss the hobgoblin.
The hobgoblin is severely wounded.
The hobgoblin hits you.
You completely miss the hobgoblin.
The hobgoblin is severely wounded.
The hobgoblin hits you.
You closely miss the hobgoblin.
The hobgoblin is severely wounded.
You barely miss the hobgoblin.
The hobgoblin is severely wounded.
The hobgoblin hits you.
You closely miss the hobgoblin.
The hobgoblin is severely wounded.
The hobgoblin hits you.
* * * LOW HITPOINT WARNING * * *
You closely miss the hobgoblin.
The hobgoblin is severely wounded.
The hobgoblin hits you.
* * * LOW HITPOINT WARNING * * *
You hit the hobgoblin but do no damage.
The hobgoblin is severely wounded.
The hobgoblin barely misses you.
You barely miss the hobgoblin.
The hobgoblin is severely wounded.
The hobgoblin hits you.
You die...

#########
#.......#
######)#####.#
#.......# #.#
#.......# #.#
#########.......#
#.#
#...............#
#.#
#...............#
#..
#....@.†........#
###
#....g.:......).#
#......?........#
#...............#
#.........####.##
#.........# #.#
#.....?...# #.#
########### #.#


You could see a hobgoblin.

Vanquished Creatures
  A dart slug (D:1)
  2 endoplasms (D:1)
  A giant cockroach (D:1)
  A quokka (D:1)
  2 ball pythons (D:1)
  2 goblins (D:1)
  A rat (D:1)
10 creatures vanquished.

Notes
Turn   | Place    | Note
-------+----------+-------------------------------------------
     0 | D:1      | Error4North the Demigod Shapeshifter began the quest for
                  | the Orb.
     0 | D:1      | Reached XP level 1. HP: 15/15 MP: 3/3
   216 | D:1      | Reached skill level 3 in Shapeshifting
   312 | D:1      | Reached skill level 1 in Fighting
   312 | D:1      | Reached XP level 2. HP: 23/23 MP: 4/4
   346 | D:1      | Slain by a hobgoblin

Illustrated notes

Levels and vault maps discovered:
D:1:      evilmike_arrival_rings, layout_basic

Skill      XL: |  1 |
---------------+----+-----
Shapeshifting  | 3 |  3.1
Fighting       | 1 |  1.0
Dodging        | |  1.8
Unarmed Combat | |  2.8

Action                     || total
---------------------------++-------
  Melee: Unarmed           ||    29
         Punch             ||     1
  Throw: Javelin           ||     5
 Armour: Animal skin       ||    18
  Dodge: Dodged            ||     9
         Form:             ||     1

Table legend: (Time is in decaauts)
 A = Elapsed time spent in this place.
 B = Non-inter-level travel time spent in this place.
 C = Inter-level travel time spent in this place.
 D = Time resting spent in this place.
 E = Time spent auto-exploring this place.
 F = Levels seen in this place.
 G = Mean time per level.
                   A        B        C        D        E       F      G
               +--------+--------+--------+--------+--------+-----+--------+
         Total |    346 |    346 |      0 |     26 |      0 |   1 |  346.0 |
       Dungeon |    346 |    346 |      0 |     26 |      0 |   1 |  346.0 |
               +--------+--------+--------+--------+--------+-----+--------+

Top non-repeatable levels by time:
     D:1: 346 daAuts
